 Dungeon Crawl Stone Soup version 0.27-a0-789-g6bb3289e1e (webtiles) character file.

Game seed: 14508072745536264726

87095 Hasart the Basher (level 15, -1/80 HPs)
             Began as a Vine Stalker Fighter on Mar 26, 2021.
             Was a High Priest of Qazlal.
             Slain by Jorgrun
             ... wielding a +0 vorpal quarterstaff
              (5 damage)
             ... on level 14 of the Dungeon on Mar 27, 2021.
             The game lasted 00:55:59 (19385 turns).

Hasart the Basher (Vine Stalker Fighter)           Turns: 19385, Time: 00:55:59

Health: -1/80      AC: 28    Str: 23    XL:     15   Next: 89%
Magic:  0/25       EV:  7    Int: 13    God:    Qazlal [*****.]
Gold:   2040       SH: 19    Dex: 16    Spells: 14/14 levels left

rFire    + + .     SeeInvis +   s - +3 Elemental Staff {rElec rF++ rC++ Will++ AC+5}
rCold    + + +     Faith    .   c - +0 kite shield
rNeg     . . .     Spirit   +   I - +1 acid dragon scales
rPois    +         Reflect  .   (no helmet)
rElec    +         Harm     .   W - +1 cloak {Will+}
rCorr    +         Rampage  .   p - +4 pair of gloves of Nacyuhyf {Will+ Int+3}
Will     +++++                  f - +2 pair of boots
Stlth    +.........             V - amulet of regeneration
HPRegen  2.23/turn              G - ring of see invisible
MPRegen  0.19/turn              U - ring of willpower

@: grasped by roots, protected from physical damage, constricted, studying
Throwing, repel missiles
A: fangs 3, regeneration 1, magic shield, antimagic bite, no potion heal 3, cold
resistance 1, poison resistance, strong 1
a: Renounce Religion, Upheaval, Elemental Force, Disaster Area


You were on level 14 of the Dungeon.
You worshipped Qazlal.
Qazlal was extremely pleased with you.
You visited 3 branches of the dungeon, and saw 21 of its levels.
You also visited: Bailey and Ice Cave.

You collected 2201 gold pieces.
You spent 161 gold pieces at shops.

Inventory:

Hand Weapons
 r - a +1 morningstar of holy wrath
 s - the +3 Elemental Staff (weapon) {rElec rF++ rC++ Will++ AC+5}
   (You acquired it on level 12 of the Dungeon)

   It affects your AC (+5).
   It greatly protects you from fire.
   It greatly protects you from cold.
   It insulates you from electricity.
   It affects your willpower, your defense against some magical effects.
 t - a +1 whip of electrocution
 M - the +3 trident "Poxt" {venom, +Inv rElec MP-9 Dex+3}
   (You found it on level 9 of the Dungeon)

   It poisons the flesh of those it strikes.
   It affects your dexterity (+3).
   It insulates you from electricity.
   It affects your magic capacity (-9).
   It lets you turn invisible.
 N - a +3 morningstar of freezing
 T - the +10 demon whip of Bitonic {distort, rPois rF+}
   (You acquired it on level 12 of the Dungeon)

   It warps and distorts space around it.
   Unwielding it can cause banishment or high damage.
   It protects you from fire.
   It protects you from poison.
Missiles
 g - 37 boomerangs (quivered)
 v - 8 javelins
 E - a throwing net
Armour
 b - a +1 cloak of preservation
 c - a +0 kite shield (worn)
 f - a +2 pair of boots (worn)
 p - the +4 pair of gloves of Nacyuhyf (worn) {Will+ Int+3}
   (You bought it in a shop on level 4 of the Dungeon)

   It affects your intelligence (+3).
   It affects your willpower, your defense against some magical effects.
 I - +1 acid dragon scales (worn)
 O - the +1 robe of Bedazzling Birdsong {rElec Regen+ Int+2 Stlth+}
   (You took it off a wight on level 9 of the Dungeon)

   It affects your intelligence (+2).
   It insulates you from electricity.
   It increases your rate of regeneration.
   It makes you more stealthy.
 W - a +1 cloak of willpower (worn)
Jewellery
 a - a ring of protection from fire
 q - an amulet of magic regeneration
 G - a ring of see invisible (right hand)
 J - a ring of protection from cold
 K - a ring of positive energy
 U - a ring of willpower (left hand)
 V - an amulet of regeneration (around neck)
 X - a ring of resist corrosion
Wands
 m - a wand of acid (21)
 F - a wand of flame (16)
 L - a wand of digging (2)
 Z - a wand of iceblast (8)
Scrolls
 e - 3 scrolls of amnesia
 j - 4 scrolls of fog
 l - 7 scrolls of teleportation
 n - a scroll of enchant armour
 x - a scroll of fear {unknown}
 y - 9 scrolls of identify
 H - 4 scrolls of magic mapping
 R - a scroll of blinking
 Y - a scroll of summoning {unknown}
Potions
 d - a potion of might
 h - 3 potions of mutation
 i - 4 potions of curing
 k - a potion of magic {unknown}
 o - 8 potions of flight
 u - 6 potions of lignification
 w - 4 potions of cancellation
 z - 3 potions of haste
 A - a potion of berserk rage {unknown}
 B - 6 potions of heal wounds {unknown}
 C - a potion of invisibility {unknown}
 D - 4 potions of brilliance {unknown}
 P - 2 potions of ambrosia {unknown}
 Q - 3 potions of attraction {unknown}


   Skills:
 + Level 9.8 Fighting
 + Level 12.9 Maces & Flails
 + Level 2.0(8.7) Staves
 + Level 9.4 Throwing
 + Level 9.0 Armour
 + Level 0.6 Dodging
 + Level 9.7 Shields
 * Level 12.1 Invocations
 + Level 5.4 Evocations


You had 14 spell levels left.
You didn't know any spells.
Your spell library contained the following spells:

 Spells                   Type           Power      Damage    Failure   Level
 Animate Skeleton         Necr           0%         N/A       58%         1
 Apportation              Tloc           0%         N/A       58%         1
 Corona                   Hex            0%         N/A       58%         1
 Magic Dart               Conj           0%         1d3       58%         1
 Pain                     Necr           0%         1d4       58%         1
 Summon Small Mammal      Summ           0%         N/A       58%         1
 Blink                    Tloc           N/A        N/A       73%         2
 Call Imp                 Summ           0%         N/A       73%         2
 Ensorcelled Hibernation  Hex/Ice        0%         N/A       73%         2
 Slow                     Hex            0%         N/A       73%         2
 Confusing Touch          Hex            0%         N/A       91%         3
 Conjure Flame            Conj/Fire      0%         6-21      91%         3
 Dazzling Flash           Conj/Hex       0%         N/A       91%         3
 Mephitic Cloud           Conj/Pois/Air  0%         N/A       91%         3
 Tukima's Dance           Hex            0%         N/A       91%         3
 Ice Form                 Ice/Tmut       0%         N/A       100%        4
 Metabolic Englaciation   Hex/Ice        0%         N/A       100%        5
 Summon Mana Viper        Hex/Summ       0%         N/A       100%        5
 Freezing Cloud           Conj/Ice/Air   0%         6-21      100%        6
 Simulacrum               Ice/Necr       0%         N/A       100%        6
 Ozocubu's Refrigeration  Ice            0%         4d5       100%        7


Dungeon Overview and Level Annotations

Branches:
Dungeon (14/15)            Temple (1/1) D:7            Lair (6/6) D:9
  Swamp (0/4) Lair:2        Snake (0/4) Lair:3        Slime (0/5) Lair:6
    Orc (0/2) D:9          Bailey (visited)           IceCv (visited)
 Vaults: D:13-14

Altars:
Ashenzari
Cheibriados
Dithmenos
Elyvilon
Fedhas
Gozag
Hepliaklqana
Kikubaaqudgha
Makhleb
Nemelex Xobeh
Okawaru
Qazlal
Ru
Sif Muna
Trog
Uskayaw
Vehumet
Wu Jian
Xom
Yredelemnul
Zin
The Shining One

Shops:
D:1 [   D:4 [

Portals:
Trove: D:11 (give 8 scrolls of fog)

Annotations:
D:4 1 runed translucent door, Crazy Yiuf
D:11 2 transporters, Daviar's ghost, journeyman DDFi
D:14 1 runed translucent door, Jorgrun


Innate Abilities, Weirdness & Mutations

You have razor-sharp teeth.
Your natural rate of healing is unusually fast.
When hurt, damage is shared between your health and your magic reserves.
Your bite disrupts and absorbs the magic of your enemies.
Potions cannot restore your health.
Your flesh is cold resistant. (rC+)
Your system is resistant to poisons. (rPois)
Your muscles are strong. (Str +2)


Message History

You miss Jorgrun. You bite Jorgrun.
Jorgrun's magic leaks into the air.
You drain his magic.
You feel invigorated.
Jorgrun is heavily wounded.
You block Jorgrun's attack. The grasping roots constrict you.
Unknown command.
You hit Jorgrun.
You electrocute Jorgrun!
Your bite misses Jorgrun.
Jorgrun is severely wounded.
The slime creature is engulfed in blazing flames.
The slime creature hits you but does no damage.
Jorgrun hits you with a +0 vorpal quarterstaff!
The grasping roots constrict you.
Unknown command.
You hit Jorgrun. You bite Jorgrun.
Jorgrun's magic leaks into the air.
You drain his magic.
You feel invigorated.
Jorgrun is severely wounded.
The slime creature hits you but does no damage.
The slime creature is engulfed in blazing flames.
You block the slime creature's attack. You block Jorgrun's attack.
The grasping roots constrict you!
You closely miss Jorgrun. Your bite misses Jorgrun.
Jorgrun is severely wounded.
You block the slime creature's attack.
The slime creature is engulfed in blazing flames.
The slime creature hits you. Jorgrun barely misses you.
The grasping roots constrict you!
Unknown command.
You closely miss Jorgrun. Your bite misses Jorgrun.
Jorgrun is severely wounded.
You block the slime creature's attack. x2; You block Jorgrun's attack.
The grasping roots constrict you.
Unknown command.
You thump Jorgrun!
You electrocute Jorgrun!!
Jorgrun is almost dead.
You block the slime creature's attack. x2
Jorgrun says, "I've ne'er se'n tha particular type o' rock formation 'fore."
Jorgrun gestures at you while chanting. The iron shot hits you!!!
You feel more protected from physical attacks.
* * * LOW HITPOINT WARNING * * *
You die...

#.........#
#.........##
#...........
#.........#.
#...........
#.○...§...#
###..?gJ....#.
#....§@J....+.
#....°○.○....##
.....○.°☼.....#
...............
...............
...............
.......########
.......


You could see Jorgrun and 2 slime creatures.

Vanquished Creatures
  A frost giant (IceCv)
  Nessos (D:13)
  2 fire dragons
  10 hydras
  A boulder beetle (D:13)
  A centaur warrior (D:13)
  A catoblepas (Lair:2)
  15 death yaks
  2 two-headed ogres
  Urug (D:13)
  7 skeletal warriors
  2 lindwurms
  A deep elf pyromancer (D:13)
  Pikel (D:4)
  3 ugly things
  3 cyclopes
  An orc sorcerer (Bailey)
  A manticore (D:12)
  Maurice (D:10)
  An ice statue (IceCv)
  9 black mambas
  3 molten gargoyles (Lair:6)
  Maggie (D:8)
  2 gargoyles (D:12)
  21 cane toads
  An unseen horror (D:10)
  4 kobold demonologists
  17 rime drakes
  An efreet (D:12)
  13 komodo dragons
  3 trolls
  A guardian mummy (D:11)
  19 polar bears
  A hornet (Lair:2)
  8 slime creatures
  15 blink frogs
  Prince Ribbit (D:5)
  A shadow (D:13)
  6 wyverns
  2 wraiths
  A spriggan (D:13)
  Eustachio (D:5)
  63 yaks
  4 basilisks (Lair:6)
  9 steam dragons
  6 vampire mosquitoes
  A naga (Lair:3)
  Edmund (D:5)
  2 swamp worms (Lair:2)
  14 water moccasins
  Duvessa (D:4)
  An acid dragon (D:11)
  4 hell hounds (Lair:6)
  14 orc warriors
  2 ogres
  6 black bears
  2 sky beasts
  A necrophage (D:6)
  24 wolves
  9 centaurs
  A lemure (D:5)
  3 kobold brigands
  Blork the orc (D:5)
  13 bullfrogs
  A water moccasin zombie (D:5)
  Dowan (D:4)
  A wyvern skeleton (D:6)
  A scorpion (D:4)
  7 killer bees
  8 wights
  6 electric eels
  A bullfrog zombie (D:6)
  4 howler monkeys
  4 lava snakes (Lair:6)
  2 jellies
  3 centaur zombies
  2 hounds (D:5)
  3 bullfrog skeletons
  2 orc priests
  5 orc wizards
  2 iguanas
  9 hell rats (Lair:6)
  2 howler monkey zombies (D:10)
  10 gnolls
  A howler monkey skeleton (D:7)
  4 river rats (Lair:6)
  5 adders
  4 white imps
  5 worms
  23 orcs
  5 ball pythons
  4 endoplasms
  3 giant cockroaches
  17 goblins
  11 hobgoblins
  3 jackals (D:1)
  23 kobolds
  6 quokkas
  6 bats
  3 frilled lizards
  9 rats
  A bush (D:4)
  2 butterflies
578 creatures vanquished.

Vanquished Creatures (collateral kills)
  Frances (D:13)
  2 vampire mosquitoes (D:13)
3 creatures vanquished.

Vanquished Creatures (others)
  Psyche (D:12)
  A komodo dragon (Lair:6)
  An orc (Bailey)
  A bush (Lair:2)
  33 fungi
  32 plants
69 creatures vanquished.

Grand Total: 650 creatures vanquished

Notes
Turn   | Place    | Note
-------+----------+-------------------------------------------
     0 | D:1      | Hasart the Vine Stalker Fighter began the quest for the
                  | Orb.
     0 | D:1      | Reached XP level 1. HP: 11/11 MP: 2/2
   315 | D:1      | Found Udexuik's Antique Armour Shoppe.
   321 | D:1      | Reached XP level 2. HP: 16/16 MP: 3/3
   809 | D:1      | Reached XP level 3. HP: 18/19 MP: 4/4
  1467 | D:2      | Gained mutation: Your natural rate of healing is unusually
                  | fast. [Vine Stalker growth]
  1467 | D:2      | Reached XP level 4. HP: 24/24 MP: 5/5
  1946 | D:3      | Reached skill level 1 in Throwing
  2282 | D:3      | Reached XP level 5. HP: 28/28 MP: 6/6
  2500 | D:4      | Found a white marble altar of Elyvilon.
  2583 | D:4      | Noticed Duvessa
  2599 | D:4      | Killed Duvessa
  2599 | D:4      | Noticed Dowan
  2600 | D:4      | Reached XP level 6. HP: 24/32 MP: 4/7
  2638 | D:4      | Killed Dowan
  2777 | D:4      | Found Voinok's Antique Armour Boutique.
  2797 | D:4      | Bought a pair of fine gloves for 161 gold pieces
  2797 | D:4      | Identified the +4 pair of gloves of Nacyuhyf {Will+ Int+3}
                  | (You bought it in a shop on level 4 of the Dungeon)
  2811 | D:4      | Reached XP level 7. HP: 37/37 MP: 8/8
  2915 | D:4      | Found a hazy altar of Hepliaklqana.
  2915 | D:4      | Found an iron altar of Okawaru.
  2915 | D:4      | Found a glowing golden altar of the Shining One.
  2915 | D:4      | Found a glowing silver altar of Zin.
  2923 | D:4      | Found a shimmering blue altar of Sif Muna.
  2923 | D:4      | Found a radiant altar of Vehumet.
  3311 | D:4      | Found a runed translucent door.
  3312 | D:4      | Noticed Crazy Yiuf
  3346 | D:5      | Entered Level 5 of the Dungeon
  3386 | D:5      | Found a burning altar of Makhleb.
  3409 | D:5      | Noticed Prince Ribbit
  3427 | D:5      | Killed Prince Ribbit
  3429 | D:5      | Noticed Pikel
  3446 | D:4      | HP: 1/37 [ogre/+0 giant club (11)]
  3477 | D:4      | Reached skill level 5 in Maces & Flails
  3477 | D:4      | Gained mutation: You have razor-sharp teeth. [Vine Stalker
                  | growth]
  3477 | D:4      | Reached XP level 8. HP: 20/42 MP: 4/9
  3603 | D:4      | Killed Pikel
  3755 | D:5      | Noticed Eustachio
  3779 | D:5      | Killed Eustachio
  3882 | D:5      | Noticed Edmund
  3894 | D:5      | Killed Edmund
  3898 | D:5      | Noticed Blork the orc
  3907 | D:5      | Killed Blork the orc
  3908 | D:5      | Reached XP level 9. HP: 46/46 MP: 10/10
  3976 | D:5      | Found a hide-covered altar of Uskayaw.
  3987 | D:5      | Reached skill level 5 in Shields
  3999 | D:5      | Reached skill level 5 in Fighting
  4649 | D:6      | Found a shimmering altar of Xom.
  4739 | D:6      | Found a sacrificial altar of Ru.
  4800 | D:7      | Noticed a green ugly thing
  4849 | D:7      | Found a staircase to the Ecumenical Temple.
  4864 | Temple   | Entered the Ecumenical Temple
  5035 | Temple   | Became a worshipper of Qazlal Stormbringer
  5223 | D:7      | Reached skill level 5 in Armour
  5287 | D:7      | Reached skill level 1 in Invocations
  5308 | D:7      | Killed a green ugly thing
  5309 | D:7      | Reached XP level 10. HP: 53/53 MP: 12/12
  5746 | D:8      | Found a shadowy altar of Dithmenos.
  6011 | D:8      | Reached skill level 5 in Throwing
  6406 | D:8      | Noticed Maggie
  6434 | D:8      | Killed Maggie
  7044 | D:9      | Reached * piety under Qazlal
  7059 | D:9      | Reached skill level 1 in Evocations
  7093 | D:9      | Found a staircase to the Orcish Mines.
  7149 | D:9      | Reached XP level 11. HP: 39/57 MP: 10/15
  7165 | D:9      | Reached skill level 5 in Invocations
  7233 | D:9      | Found a staircase to the Lair.
  7376 | D:9      | Identified the +3 trident "Poxt" {venom, +Inv rElec MP-9
                  | Dex+3}
  7535 | D:9      | Identified the +1 robe of Bedazzling Birdsong {rElec Regen+
                  | Int+2 Stlth+}
  7709 | D:10     | Entered Level 10 of the Dungeon
  7720 | D:10     | Reached ** piety under Qazlal
  7788 | Lair:1   | Entered Level 1 of the Lair of Beasts
  8069 | Lair:1   | You fall into a shaft and drop 1 floor!
  8070 | Lair:2   | Noticed a catoblepas
  8143 | Lair:1   | Noticed a four-headed hydra
  8181 | Lair:1   | Killed a four-headed hydra
  8313 | Lair:1   | Found a glowing golden altar of the Shining One.
  8543 | Lair:2   | Noticed a six-headed hydra
  8544 | Lair:2   | Reached XP level 12. HP: 58/63 MP: 18/18
  8600 | Lair:1   | Killed a six-headed hydra
  8660 | Lair:2   | Killed a catoblepas
  9011 | Lair:2   | Reached *** piety under Qazlal
  9057 | Lair:2   | Reached skill level 10 in Maces & Flails
  9239 | Lair:2   | Found a staircase to the Swamp.
  9535 | Lair:2   | Noticed a six-headed hydra
  9540 | Lair:2   | Killed a six-headed hydra
  9651 | Lair:2   | Identified the +0 leather armour of Goad {Will+ Str+3}
  9652 | Lair:2   | Identified the +1 robe of Cibupn {Dex+4}
  9825 | Lair:3   | Found a staircase to the Snake Pit.
 10607 | Lair:4   | Reached XP level 13. HP: 60/68 MP: 20/20
 11182 | Lair:4   | Reached **** piety under Qazlal
 11294 | Lair:4   | Noticed a fire dragon
 11312 | Lair:4   | Killed a fire dragon
 11313 | Lair:4   | Reached skill level 5 in Evocations
 12427 | Lair:5   | Identified 3 scrolls of acquirement
 12427 | Lair:5   | Acquired a +1 cloak of preservation
 12480 | Lair:6   | Entered Level 6 of the Lair of Beasts
 12832 | Lair:6   | Reached XP level 14. HP: 54/74 MP: 14/22
 12920 | Lair:6   | Reached skill level 10 in Invocations
 13016 | Lair:6   | Found a staircase to the Slime Pits.
 13988 | Lair:6   | Found a large runed translucent door.
 13988 | Lair:6   | Found a large runed translucent door.
 14625 | D:10     | Noticed Maurice
 14648 | D:10     | Killed Maurice
 15835 | D:11     | Found a transporter.
 16061 | D:11     | Found a transporter.
 16076 | D:11     | Noticed Daviar's ghost (journeyman DDFi)
 16200 | D:11     | Found a portal to a secret trove of treasure.
 16331 | D:12     | Reached XP level 15. HP: 61/79 MP: 24/24
 16353 | D:12     | Reached ***** piety under Qazlal
 16375 | D:12     | Noticed Psyche
 16385 | D:12     | Killed Psyche
 16449 | D:12     | Found a frozen archway.
 16478 | IceCv    | Entered an ice cave
 16992 | IceCv    | Noticed a frost giant
 17006 | IceCv    | Killed a frost giant
 17038 | IceCv    | Identified the +1 acid dragon scales "Vadeohim" {rN++ Will+
                  | rCorr MP+9 Int-4}
 17091 | D:12     | Acquired the +10 demon whip of Bitonic {distort, rPois rF+}
 17092 | D:12     | Acquired the +3 Elemental Staff {rElec rF++ rC++ Will++
                  | AC+5}
 17093 | D:12     | Found the +3 Elemental Staff {rElec rF++ rC++ Will++ AC+5}
 17705 | D:13     | Noticed Nessos
 17706 | D:13     | Noticed Urug
 17714 | D:13     | Killed Nessos
 17727 | D:13     | Killed Urug
 17728 | D:13     | Reached skill level 1 in Staves
 17862 | D:13     | Found a flagged portal.
 17902 | Bailey   | Entered a bailey
 17966 | Bailey   | Gained mutation: Armour fits poorly on your strangely
                  | shaped body. [a neqoxec]
 17987 | Bailey   | Gained mutation: You expend magic power (3 MP) to
                  | strengthen your wands. [potion of mutation]
 17987 | Bailey   | Gained mutation: You are robust. (+10% HP) [potion of
                  | mutation]
 17988 | Bailey   | Lost mutation: You are robust. (+10% HP) [potion of
                  | mutation]
 17988 | Bailey   | Lost mutation: Armour fits poorly on your strangely shaped
                  | body. [potion of mutation]
 17988 | Bailey   | Lost mutation: You expend magic power (3 MP) to strengthen
                  | your wands. [potion of mutation]
 17988 | Bailey   | Gained mutation: Armour fits poorly on your strangely
                  | shaped body. [potion of mutation]
 17988 | Bailey   | Gained mutation: Your muscles are strong. (Str +2) [potion
                  | of mutation]
 17988 | Bailey   | Gained mutation: Your system is resistant to poisons.
                  | (rPois) [potion of mutation]
 17989 | Bailey   | Lost mutation: Your muscles are strong. (Str +2) [potion of
                  | mutation]
 17989 | Bailey   | Lost mutation: Armour fits poorly on your strangely shaped
                  | body. [potion of mutation]
 17989 | Bailey   | Gained mutation: Your muscles are strong. (Str +2) [potion
                  | of mutation]
 17989 | Bailey   | Gained mutation: Your flesh is cold resistant. (rC+)
                  | [potion of mutation]
 17991 | Bailey   | Found an iron altar of Okawaru.
 18160 | Bailey   | Acquired a manual of Throwing
 18184 | Bailey   | Identified the Tome of Unholy Bewitchment
 19342 | D:14     | Found a runed translucent door.
 19342 | D:14     | Noticed Frances
 19342 | D:14     | Noticed Jorgrun
 19360 | D:13     | Killed Frances
 19385 | D:14     | HP: 4/80 [Jorgrun/iron shot (30)]
 19385 | D:14     | Slain by Jorgrun

Illustrated notes

Levels and vault maps discovered:
D:1:      lightli_arrival_boilingwater, layout_basic, serial_shops, shop
D:2:      layout_loops_cross, serial_rivers, chequers_serial_rivers_micro_a,
          chequers_serial_rivers_room_b, chequers_serial_rivers_room_b,
          chequers_serial_rivers_room_a, chequers_serial_rivers_micro_d
D:3:      layout_loops_ring
D:4:      layout_loops_ring, elyvilon_altar_5, minmay_overflow_temple_hex,
          serial_shops, kennysheep_little_box, minmay_misc_feat_chi,
          uniq_duvessa, uniq_crazy_yiuf_cottage
D:5:      layout_loops_ring, old_standard_altar, basic_altar, uniq_edmund,
          uniq_blork_the_orc, uniq_pikel, uniq_prince_ribbit1, uniq_eustachio
D:6:      layout_cave_pools, marbit_many_paths, nicolae_ru_the_path_less_chosen
D:7:      layout_basic, minmay_temple_entry_butterflies
D:8:      layout_loops_cross, serial_co_window_serial, co_window_corner_a,
          co_window_paths_a, co_window_corner_a, co_window_paths_b,
          co_window_corner_a, co_window_of_opportunity_c,
          co_window_unsneaky_path_c, co_window_corner_b, co_window_corner_b,
          co_window_of_opportunity_c, co_window_of_opportunity_c,
          co_window_corner_b, co_window_4corner_b, glass_columns_a,
          glass_columns_b, chequers_serial_rivers_micro_c,
          nicolae_dithmenos_through_a_glass_darkly, uniq_maggie
D:9:      layout_roguey, lair_entry_dummy
D:10:     layout_irregular_city, uniq_maurice
D:11:     layout_small_grid, nicolae_trove_entry_path_of_doom,
          gammafunk_ghost_berserking_beasts, minmay_door_square
D:12:     minmay_skewed_foursquare, layout_loops_ring, portal_ice_cave_rime,
          uniq_psyche
D:13:     layout_basic, enter_bailey_7, the_bakery, uniq_urug, uniq_nessos
D:14:     layout_rooms, lightli_vaults_fourway_checkpoint, chequers_jeans,
          muffindrake_ghost_dual_entry, uniq_frances, uniq_jorgrun
Temple:   nicolae_temple_figure_eight
Lair:1:   layout_big_grid, basic_altar, chequers_serial_rivers_marsh
Lair:2:   cheibrodos_lair_river_kwai, layout_misc_corridors,
          minmay_swamp_entry_worms, worms_lemuel
Lair:3:   layout_cave_pods, guppyfry_snake_entry_island, serial_bayou_shore_a,
          lemuel_fruit_fields
Lair:4:   layout_cellular_growth, bobbens_dragon_lair_wall
Lair:5:   layout_hall_layers
Lair:6:   cheibrodos_lair_end_hotspot, layout_loops_ring,
          dpeg_slime_entry_corner, kennysheep_abandoned_house

Skill      XL: |  1  2  3  4  5  6  7  8  9 10 11 12 13 14 15 |
---------------+----------------------------------------------+-----
Maces & Flails | 2 3 4 5 6 7 8 9 10 11 12 | 12.9
Shields        | 3 4 5 6 7 8 9 |  9.7
Fighting       | 3 4 5 6 7 8 9 |  9.8
Throwing       | 1 2 3 4 5 6 7 8 9 |  9.4
Armour         | 3 4 5 6 7 8 9 |  9.0
Invocations    | 2 4 6 8 9 11 12 | 12.1
Evocations     | 1 3 4 5 |  5.4
Staves         | 2 |  2.0
Dodging        | |  0.6

Action                   |  1- 3 |  4- 6 |  7- 9 | 10-12 | 13-15 || total
-------------------------+-------+-------+-------+-------+-------++-------
Melee: Flail             |   103 |   101 |   128 |       |       ||   332
       Bite              |    33 |    32 |   130 |   277 |   695 ||  1167
       Whip              |       |       |   170 |   695 |  1148 ||  2013
       Morningstar       |       |       |       |       |    63 ||    63
       Staff             |       |       |       |       |   340 ||   340
Throw: Dart              |       |    16 |     5 |       |       ||    21
       Throwing net      |       |       |     1 |       |       ||     1
       Boomerang         |       |       |       |       |    13 ||    13
Invok: Upheaval          |       |       |       |     2 |    17 ||    19
       Elemental Force   |       |       |       |       |     1 ||     1
Evoke: Wand              |       |       |     3 |       |       ||     3
  Use: Scroll            |       |       |       |    16 |     7 ||    23
       Potion            |       |       |       |       |     5 ||     5
 Stab: Held in net/web   |       |       |     1 |       |       ||     1
Armor: Scale mail        |    46 |    28 |   100 |    25 |       ||   199
       Acid dragon scale |       |       |       |   181 |   409 ||   590
Dodge: Dodged            |    29 |    36 |    50 |   128 |   271 ||   514
       Repelled          |       |       |       |       |    12 ||    12
Block: Kite shield       |    59 |    63 |   105 |   356 |  1015 ||  1598

Table legend: (Time is in decaauts)
 A = Elapsed time spent in this place.
 B = Non-inter-level travel time spent in this place.
 C = Inter-level travel time spent in this place.
 D = Time resting spent in this place.
 E = Time spent auto-exploring this place.
 F = Levels seen in this place.
 G = Mean time per level.
                   A        B        C        D        E       F      G
               +--------+--------+--------+--------+--------+-----+--------+
         Total |  19012 |  18358 |    654 |    292 |  13191 |  23 |  826.6 |
       Dungeon |  11337 |  11014 |    323 |    148 |   8126 |  14 |  809.8 |
        Temple |    220 |    194 |     26 |      0 |    190 |   1 |  220.0 |
          Lair |   6396 |   6091 |    305 |    144 |   4376 |   6 | 1066.0 |
        Bailey |    553 |    553 |      0 |      0 |    321 |   1 |  553.0 |
      Ice Cave |    503 |    503 |      0 |      0 |    178 |   1 |  503.0 |
               +--------+--------+--------+--------+--------+-----+--------+

Top non-repeatable levels by time:
  Lair:6: 1742 daAuts
  Lair:2: 1136 daAuts
     D:8: 1135 daAuts
     D:4: 1095 daAuts
  Lair:4: 1083 daAuts
    D:13: 1075 daAuts
     D:1: 987 daAuts
     D:2: 951 daAuts
    D:10: 905 daAuts
    D:11: 896 daAuts
     D:9: 859 daAuts
  Lair:3: 851 daAuts
  Lair:1: 808 daAuts
  Lair:5: 773 daAuts
    D:12: 761 daAuts
